 Dungeon Crawl Stone Soup version 0.24-a0-520-g8fd06ad0bc (webtiles) character file.

Game seed: 6298099407360167066

192 Froggeryz the Chopper (level 5, -5/70 HPs)
             Began as a Minotaur Berserker on July 24, 2019.
             Was a Believer of Trog.
             Slain by an orc
             ... wielding a +0 trident
              (8 damage)
             ... on level 3 of the Dungeon.
             The game lasted 00:03:06 (2130 turns).

Froggeryz the Chopper (Minotaur Berserker)          Turns: 2130, Time: 00:03:07

Health: -5/70      AC:  2    Str: 26    XL:     5   Next: 42%
Magic:  4/4        EV: 12    Int:  5    God:    Trog [**....]
Gold:   65         SH:  0    Dex: 10    Spells: 4/4 levels left

rFire    . . .     SeeInvis .   a - +0 hand axe
rCold    . . .     Gourm    .   (no shield)
rNeg     . . .     Faith    .   b - +0 animal skin
rPois    .         Spirit   .   (helmet restricted)
rElec    .         Reflect  .   (no cloak)
rCorr    .         Harm     .   (no gloves)
MR       .....                  (no boots)
Stlth    ..........             i - amulet of rage
HPRegen  0.21/turn              (no ring)
MPRegen  0.09/turn              (no ring)

@: berserking (expiring), very quick
A: retaliatory headbutt, horns 2
a: Berserk, Trog's Hand, Renounce Religion, Evoke Berserk Rage


You were on level 3 of the Dungeon.
You worshipped Trog.
Trog was pleased with you.
You were very hungry.

You visited 1 branch of the dungeon, and saw 3 of its levels.

You collected 65 gold pieces.

Inventory:

Hand Weapons
 a - a +0 hand axe (weapon)
Armour
 b - a +0 animal skin (worn)
 n - a cursed +0 plate armour
Jewellery
 i - an amulet of rage (around neck)
Scrolls
 d - 4 scrolls of identify {unknown}
 e - a scroll of blinking {unknown}
 f - a scroll of immolation {unknown}
 g - a scroll of teleportation
 k - a scroll of enchant armour {unknown}
 l - a scroll of magic mapping {unknown}
 p - 2 scrolls of noise {unknown}
 s - a scroll of enchant weapon {unknown}
Potions
 h - 2 potions of curing {unknown}
 j - a potion of agility {unknown}
 m - a potion of magic {unknown}
 o - a potion of flight {unknown}
 q - a potion of lignification {unknown}
Comestibles
 c - 3 rations
 r - 2 chunks of flesh


   Skills:
 - Level 4.3 Fighting
 * Level 6.5 Axes
 + Level 3.6 Armour
 - Level 2.1 Dodging


You had 4 spell levels left.
You didn't know any spells.
Your spell library was empty.

Dungeon Overview and Level Annotations

Branches:
Dungeon (3/15)

Altars:
Okawaru


Innate Abilities, Weirdness & Mutations

You reflexively headbutt those who attack you in melee.
You have a pair of horns on your head.


Message History

Trog appreciates your killing of a magic user.
The orc hits you from afar with a +0 trident.
* * * LOW HITPOINT WARNING * * *
The orc hits you with an uncursed staff of death.
* * * LOW HITPOINT WARNING * * *
The orc barely misses you.
Items here: )) [[ a +0 dagger; a +0 robe; a +0 flail; a +0 ring mail You closely miss the orc.
Your headbutt misses the orc. You barely miss the orc.
The orc hits you but does no damage.
The orc hits you with an uncursed staff of death.
* * * LOW HITPOINT WARNING * * *
The orc hits you with a +0 trident!
* * * LOW HITPOINT WARNING * * *
You slash the orc!
You kill the orc!
Trog accepts your kill.
You closely miss the orc. You hit the orc. The orc hits you with a +0 trident!
You die...

####### #.....#
#.###.# #.###.# #
#####[))).) #.
#####..<..###.#
#.####..[#.###.# #.#
#.#..|o..#.#.###.# #.#
#...o@)..........# #.#
#..#########.#######.#
# ######....)..((†
.........#####...
##########.....##
....### ###. . #.


You could see 2 orcs.

Vanquished Creatures
  3 orc wizards (D:3)
  2 adders (D:2)
  A gnoll (D:3)
  3 dart slugs
  3 leopard geckos
  4 orcs (D:3)
  2 ball pythons
  6 bats
  3 giant cockroaches
  11 goblins
  7 hobgoblins
  5 jackals (D:3)
  A quokka (D:3)
  3 frilled lizards
  6 kobolds
  7 rats
67 creatures vanquished.

Notes
Turn   | Place    | Note
-------+----------+-------------------------------------------
     0 | D:1      | Froggeryz the Minotaur Berserker began the quest for the
                  | Orb.
     0 | D:1      | Reached XP level 1. HP: 19/19 MP: 0/0
    82 | D:1      | Reached skill level 4 in Axes
   107 | D:1      | Reached XP level 2. HP: 20/27 MP: 1/1
   861 | D:2      | Found an iron altar of Okawaru.
   865 | D:2      | Reached XP level 3. HP: 31/33 MP: 2/2
   889 | D:2      | Reached ** piety under Trog
   990 | D:2      | Reached skill level 5 in Axes
  1473 | D:2      | Reached XP level 4. HP: 38/41 MP: 3/3
  1749 | D:3      | Reached skill level 6 in Axes
  2001 | D:3      | Reached XP level 5. HP: 44/47 MP: 4/4
  2129 | D:3      | HP: 3/70 [orc/+0 trident (7)]
  2130 | D:3      | Slain by an orc

Levels and vault maps discovered:
D:1:      kennysheep_arrival_seaside, layout_basic
D:2:      layout_basic, okawaru_ov_weapons_minmay,
          minmay_misc_feat_secret_circle
D:3:      minmay_evil_eye, layout_loops_ring, marbit_many_paths

Skill      XL: |  1  2  3  4 |
---------------+-------------+-----
Axes           | 4 5 6 |  6.5
Fighting       | 4 |  4.3
Armour         | 3 |  3.6
Dodging        | |  2.1

Action                   |  1- 3 |  4- 6 || total
-------------------------+-------+-------++-------
Melee: Hand axe          |    80 |    63 ||   143
       Headbutt          |    10 |     7 ||    17
Invok: Berserk           |       |     1 ||     1
  Use: Scroll            |     2 |       ||     2
 Stab: Sleeping          |     1 |       ||     1
  Eat: Chunk             |     2 |     2 ||     4
Armor: Animal skin       |    12 |    12 ||    24
Dodge: Dodged            |    62 |    43 ||   105

Table legend:
 A = Non-vault XP
 B = Vault XP
 C = Vault XP percentage of total XP
 D = Non-vault monster count
 E = Vault monster count
 F = Vault count percentage of total count
                 A         B        C        D         E       F
            +---------+---------+-------+---------+---------+-------
      Total |     255 |      20 |   7.3 |      63 |       4 |   6.0
            +---------+---------+-------+---------+---------+-------
        D:1 |      39 |       0 |   0.0 |      19 |       0 |   0.0
        D:2 |      61 |       0 |   0.0 |      22 |       0 |   0.0
        D:3 |     155 |      20 |  11.4 |      22 |       4 |  15.4
            +---------+---------+-------+---------+---------+-------
